3A
BELLEVUE BRUINS @ BELLEVILLE BULLS
08/19/2025
 
TOP OF THE 1ST
Bellevue Bruins batting - Pitching for Belleville Bulls : RHP Juan Montesand
Pitching: RHP Juan Montesand
Batting: LHB António Quintero 0-0: Fly out, F8 (Flyball, 8RM)
Batting: RHB Alonso Zamora 0-0: Ball
1-0: Ball
2-0: Foul Ball, location: 2F
2-1: Ball
3-1: Foul Ball, location: 2F
3-2: Fly out, F9 (Flyball, 9S)
Batting: RHB Luis Ríos 0-0: Swinging Strike
0-1: Foul Ball, location: 2F
0-2: Ball
1-2: Ball
2-2: Foul Ball, location: 2F
2-2: Foul Ball, location: 2F
2-2: Ball
3-2: Foul Ball, location: 2F
3-2: SINGLE (Groundball, 56D)
Batting: RHB Sancho Tornero 0-0: Called Strike
0-1: Ball
1-1: Swinging Strike
1-2: Fly out, F9 (Flyball, 89D)
Top of the 1st over - 0 run(s), 1 hit(s), 0 error(s), 1 left on base; Bellevue 0 - Belleville 0
BOTTOM OF THE 1ST
Belleville Bulls batting - Pitching for Bellevue Bruins : LHP Gabriel Turner
Pitching: LHP Gabriel Turner
Batting: RHB Miguel González 0-0: Ball
1-0: Ball
2-0: Ground out 5-3 (Groundball, 5)
Batting: RHB Vincente Fuentes 0-0: Called Strike
0-1: Swinging Strike
0-2: Hit by Pitch
Batting: LHB Tommy Sullivan 0-0: Ball
1-0: Foul Ball, location: 2F
1-1: Ball
2-1: Foul Ball, location: 2F
2-2: Ball
3-2: Fly out, F7 (Flyball, 7D)
Batting: RHB Juan Román 0-0: SINGLE (Flyball, 9LS)
Vincente Fuentes to second
Runner from 2nd tries for 3rd, SAFE, throw made to third
Batting: RHB Markus Thompson 0-0: Called Strike
0-1: Ball
1-1: Foul Ball, location: 2F
1-2: Foul Ball, location: 2F
1-2: Foul Ball, location: 2F
1-2: Ball
2-2: Foul Ball, location: 2F
2-2: Foul Ball, location: 2F
2-2: Foul Ball, location: 2F
2-2: Fly out, F7 (Line Drive, 7LD)
Bottom of the 1st over - 0 run(s), 1 hit(s), 0 error(s), 2 left on base; Bellevue 0 - Belleville 0
TOP OF THE 2ND
Bellevue Bruins batting - Pitching for Belleville Bulls : RHP Juan Montesand
Batting: LHB José Barrón 0-0: Ball
1-0: Ball
2-0: Swinging Strike
2-1: Swinging Strike
2-2: Strikes out looking
Batting: LHB Mitchell Cusimano 0-0: Called Strike
0-1: Swinging Strike
0-2: Strikes out looking
Batting: RHB Manny Soto 0-0: Foul Ball, location: 2F
0-1: Called Strike
0-2: Ball
1-2: Foul Ball, location: 2F
1-2: Strikes out swinging
Top of the 2nd over - 0 run(s), 0 hit(s), 0 error(s), 0 left on base; Bellevue 0 - Belleville 0
BOTTOM OF THE 2ND
Belleville Bulls batting - Pitching for Bellevue Bruins : LHP Gabriel Turner
Batting: RHB Duane Wills 0-0: Called Strike
0-1: Ball
1-1: Called Strike
1-2: Ball
2-2: Ball
3-2: Fly out, F9 (Flyball, 9)
Batting: RHB Tomás Bermúdez 0-0: Ball
1-0: Ball
2-0: Swinging Strike
2-1: Foul Ball, location: 2F
2-2: Strikes out swinging
Batting: LHB Ruben Yim 0-0: Foul Ball, location: 2F
0-1: Ball
1-1: Called Strike
1-2: Foul Ball, location: 2F
1-2: Foul Ball, location: 2F
1-2: SINGLE (Groundball, 6D)
Batting: RHB Dean Summers 0-0: Ball
Ruben Yim steals 2nd base
1-0: Ball
2-0: Ball
3-0: Base on Balls
Batting: RHB Miguel González 0-0: Called Strike
0-1: Ball
1-1: Ball
2-1: Ball
3-1: Foul Ball, location: 2F
3-2: Foul Ball, location: 2F
3-2: Foul Ball, location: 2F
3-2: Fly out, F9 (Flyball, 9S)
Bottom of the 2nd over - 0 run(s), 1 hit(s), 0 error(s), 2 left on base; Bellevue 0 - Belleville 0
TOP OF THE 3RD
Bellevue Bruins batting - Pitching for Belleville Bulls : RHP Juan Montesand
Batting: RHB Loren Stallings 0-0: Ball
1-0: Called Strike
1-1: Called Strike
1-2: Ball
2-2: Foul Ball, location: 2F
2-2: Strikes out looking
Batting: RHB Jorge Rodríguez 0-0: Called Strike
0-1: Called Strike
0-2: Ball
1-2: Foul Ball, location: 2F
1-2: Fly out, F9 (Flyball, 9)
Batting: LHB António Quintero 0-0: SINGLE (Flyball, 8RS)
Batting: RHB Alonso Zamora 0-0: Called Strike
António Quintero is caught stealing 2nd base
Top of the 3rd over - 0 run(s), 1 hit(s), 0 error(s), 0 left on base; Bellevue 0 - Belleville 0
BOTTOM OF THE 3RD
Belleville Bulls batting - Pitching for Bellevue Bruins : LHP Gabriel Turner
Batting: RHB Vincente Fuentes 0-0: Called Strike
0-1: Called Strike
0-2: Ground out 4-3 (Groundball, 4S)
Batting: LHB Tommy Sullivan 0-0: Called Strike
0-1: Swinging Strike
0-2: Ball
1-2: Foul Ball, location: 2F
1-2: DOUBLE (Line Drive, 9LS)
Batting: RHB Juan Román 0-0: Ball
1-0: Ground out 6-3 (Groundball, 6)
Batting: RHB Markus Thompson 0-0: Called Strike
0-1: Foul Ball, location: 2F
0-2: Ball
1-2: Ground out 4-3 (Groundball, 4MS)
Bottom of the 3rd over - 0 run(s), 1 hit(s), 0 error(s), 1 left on base; Bellevue 0 - Belleville 0
TOP OF THE 4TH
Bellevue Bruins batting - Pitching for Belleville Bulls : RHP Juan Montesand
Batting: RHB Alonso Zamora 0-0: Ground out 5-3 (Groundball, 56)
Batting: RHB Luis Ríos 0-0: Ball
1-0: Ball
2-0: Fly out, F5 (Popup, 5L)
Batting: RHB Sancho Tornero 0-0: Foul Ball, location: 2F
0-1: Foul Ball, location: 2F
0-2: Fly out, F8 (Line Drive, 8LM)
Top of the 4th over - 0 run(s), 0 hit(s), 0 error(s), 0 left on base; Bellevue 0 - Belleville 0
BOTTOM OF THE 4TH
Belleville Bulls batting - Pitching for Bellevue Bruins : LHP Gabriel Turner
Batting: RHB Duane Wills 0-0: Ball
1-0: Ball
2-0: Fly out, F4 (Line Drive, 4)
Batting: RHB Tomás Bermúdez 0-0: Foul Ball, location: 2F
0-1: Ground out 6-3 (Groundball, 6)
Batting: LHB Ruben Yim 0-0: Swinging Strike
0-1: Swinging Strike
0-2: Foul Ball, location: 2F
0-2: Foul Ball, location: 2F
0-2: Strikes out swinging
Bottom of the 4th over - 0 run(s), 0 hit(s), 0 error(s), 0 left on base; Bellevue 0 - Belleville 0
TOP OF THE 5TH
Bellevue Bruins batting - Pitching for Belleville Bulls : RHP Juan Montesand
Pitching: LHP Ray Dostie
Batting: LHB José Barrón 0-0: Ball
1-0: Ball
2-0: Foul Ball, location: 2F
2-1: Swinging Strike
2-2: Strikes out swinging
Batting: LHB Mitchell Cusimano 0-0: Ball
1-0: Called Strike
1-1: Ball
2-1: Called Strike
2-2: Ball
3-2: Base on Balls
Batting: RHB Manny Soto 0-0: Ball
1-0: Foul Ball, location: 2F
1-1: Ball
2-1: Foul Ball, location: 2F
2-2: Fly out, F8 (Flyball, 89M)
Batting: RHB Loren Stallings 0-0: Ball
Mitchell Cusimano steals 2nd base
1-0: Called Strike
1-1: Ball
2-1: Ball
3-1: Foul Ball, location: 2F
3-2: Foul Ball, location: 2F
3-2: Base on Balls
Batting: RHB Jorge Rodríguez 0-0: Foul Ball, location: 2F
0-1: SINGLE (Line Drive, 89S)
Mitchell Cusimano to third
Loren Stallings to second
Runner from 3rd tries for Home, SAFE, no throw
Batting: LHB António Quintero 0-0: Called Strike
0-1: Foul Ball, location: 2F
0-2: Strikes out swinging
Top of the 5th over - 1 run(s), 1 hit(s), 0 error(s), 2 left on base; Bellevue 1 - Belleville 0
BOTTOM OF THE 5TH
Belleville Bulls batting - Pitching for Bellevue Bruins : LHP Gabriel Turner
Pitching: RHP Tyrique McGhee
Batting: RHB Dean Summers 0-0: Called Strike
0-1: Ball
1-1: Fly out, F9 (Flyball, 9LS)
Batting: RHB Miguel González 0-0: Ball
1-0: Called Strike
1-1: Swinging Strike
1-2: Strikes out swinging
Batting: RHB Vincente Fuentes 0-0: Ball
1-0: Ball
2-0: Ball
3-0: Base on Balls
Batting: LHB Tommy Sullivan 0-0: Ball
1-0: Foul Ball, location: 2F
1-1: Ball
2-1: Foul Ball, location: 2F
2-2: Strikes out swinging
Bottom of the 5th over - 0 run(s), 0 hit(s), 0 error(s), 1 left on base; Bellevue 1 - Belleville 0
TOP OF THE 6TH
Bellevue Bruins batting - Pitching for Belleville Bulls : LHP Ray Dostie
Batting: RHB Alonso Zamora 0-0: SINGLE (Flyball, 78S)
Batting: RHB Luis Ríos 0-0: Ball
1-0: Fly out, F3 (Line Drive, 3S)
Lined into DP, U3 (Line Drive, 3S)
Batting: RHB Sancho Tornero 0-0: Called Strike
0-1: Ball
1-1: Ball
2-1: Swinging Strike
2-2: Strikes out swinging
Top of the 6th over - 0 run(s), 1 hit(s), 0 error(s), 0 left on base; Bellevue 1 - Belleville 0
BOTTOM OF THE 6TH
Belleville Bulls batting - Pitching for Bellevue Bruins : RHP Tyrique McGhee
Batting: RHB Juan Román 0-0: Ball
1-0: Called Strike
1-1: SINGLE (Groundball, 56D)
Batting: RHB Markus Thompson 0-0: Swinging Strike
0-1: Ball
1-1: Ball
2-1: Ball
3-1: Base on Balls
Juan Román to second
Batting: RHB Duane Wills 0-0: Sac Bunt - play at third, runner OUT! 1-5
Markus Thompson to second
Batting: RHB Tomás Bermúdez 0-0: Ground out 5-3 (Groundball, 56S)
Markus Thompson to third
Duane Wills to second
Batting: LHB Ruben Yim 0-0: Foul Ball, location: 2F
0-1: Ball
1-1: Foul Ball, location: 2F
1-2: Foul Ball, location: 2F
1-2: Strikes out swinging
Bottom of the 6th over - 0 run(s), 1 hit(s), 0 error(s), 2 left on base; Bellevue 1 - Belleville 0
TOP OF THE 7TH
Bellevue Bruins batting - Pitching for Belleville Bulls : LHP Ray Dostie
Batting: LHB José Barrón 0-0: Ball
1-0: Ball
2-0: Called Strike
2-1: Ground out 4-3 (Groundball, 4)
Batting: LHB Mitchell Cusimano 0-0: Foul Ball, location: 2F
0-1: Foul Ball, location: 2F
0-2: Foul Ball, location: 2F
0-2: DOUBLE (Line Drive, 7LM)
Batting: RHB Manny Soto 0-0: Intentional Walk
Pinch Hitting: SHB Manny Flores 0-0: Ball
1-0: Fly out, F5 (Line Drive, 5S)
Batting: RHB Jorge Rodríguez 0-0: Ball
1-0: Ball
2-0: Called Strike
2-1: Fielders Choice at 2nd, 4-6 (Groundball, 4)
Top of the 7th over - 0 run(s), 1 hit(s), 0 error(s), 1 left on base; Bellevue 1 - Belleville 0
BOTTOM OF THE 7TH
Belleville Bulls batting - Pitching for Bellevue Bruins : RHP Tyrique McGhee
Now in LF: Alberto Lastaneda
Batting: RHB Dean Summers 0-0: Fly out, F8 (Flyball, 8LM)
Batting: RHB Miguel González 0-0: Fly out, F8 (Line Drive, 8LM)
Batting: RHB Vincente Fuentes 0-0: Ground out 6-3 (Groundball, 6)
Bottom of the 7th over - 0 run(s), 0 hit(s), 0 error(s), 0 left on base; Bellevue 1 - Belleville 0
TOP OF THE 8TH
Bellevue Bruins batting - Pitching for Belleville Bulls : LHP Ray Dostie
Batting: LHB António Quintero 0-0: Ball
1-0: Ball
2-0: Called Strike
2-1: SINGLE (Groundball, 34) (infield hit)
Batting: RHB Alonso Zamora 0-0: Called Strike
0-1: Bunted foul
0-2: Ball
1-2: Foul Ball, location: 2F
1-2: Foul Ball, location: 2F
1-2: Ball
António Quintero is caught stealing 2nd base
2-2: Ball
3-2: Base on Balls
Batting: RHB Luis Ríos 0-0: Ball
1-0: Fielders Choice at 2nd, 3-6 (Groundball, 34)
Batting: RHB Sancho Tornero 0-0: Ball
1-0: Ball
Luis Ríos is caught stealing 2nd base
Top of the 8th over - 0 run(s), 1 hit(s), 0 error(s), 0 left on base; Bellevue 1 - Belleville 0
BOTTOM OF THE 8TH
Belleville Bulls batting - Pitching for Bellevue Bruins : RHP Tyrique McGhee
Pitching: RHP Omar Casteneda
Now at C: Javier Valdés
Batting: LHB Tommy Sullivan 0-0: Ball
1-0: Foul Ball, location: 2F
1-1: Ground out U3 (Groundball, 34)
Batting: RHB Juan Román 0-0: SINGLE (Line Drive, 6MD)
Pinch Hitting: LHB Jesús Mancía 0-0: Ball
1-0: Swinging Strike
1-1: Ball
2-1: Foul Ball, location: 2F
2-2: Strikes out swinging
Batting: RHB Duane Wills 0-0: Ground out 4-3 (Groundball, 34)
Bottom of the 8th over - 0 run(s), 1 hit(s), 0 error(s), 1 left on base; Bellevue 1 - Belleville 0
TOP OF THE 9TH
Bellevue Bruins batting - Pitching for Belleville Bulls : LHP Ray Dostie
Now at 1B: Jesús Mancía
Batting: RHB Sancho Tornero 0-0: Called Strike
0-1: Ground out 6-3 (Groundball, 56)
Batting: LHB José Barrón 0-0: Called Strike
0-1: Foul Ball, location: 2F
0-2: SINGLE (Groundball, 56D)
Batting: LHB Mitchell Cusimano 0-0: Ball
1-0: Called Strike
1-1: Ball
2-1: Swinging Strike
2-2: Strikes out swinging
Batting: RHB Manny Soto 0-0: Ball
1-0: Swinging Strike
1-1: Fly out, F6 (Popup, 56)
Top of the 9th over - 0 run(s), 1 hit(s), 0 error(s), 1 left on base; Bellevue 1 - Belleville 0
BOTTOM OF THE 9TH
Belleville Bulls batting - Pitching for Bellevue Bruins : RHP Omar Casteneda
Pitching: RHP Will Moore
Pinch Hitting: LHB Jim Unknown 0-0: Called Strike
0-1: Ground out 4-3 (Groundball, 4)
Batting: LHB Ruben Yim 0-0: DOUBLE (Flyball, 89D)
Pinch Runner at 2nd Gabriel López:
Batting: RHB Dean Summers 0-0: Ball
1-0: Foul Ball, location: 2F
1-1: Foul Ball, location: 2F
1-2: Foul Ball, location: 2F
1-2: Strikes out swinging
Batting: RHB Miguel González 0-0: Foul Ball, location: 2F
0-1: Ball
1-1: Fly out, F7 (Flyball, 7S)
Bottom of the 9th over - 0 run(s), 1 hit(s), 0 error(s), 1 left on base; Bellevue 1 - Belleville 0
Friday, December 30th, 2016 - OOTP Baseball 17.12 Build 75